 Dungeon Crawl Stone Soup version 0.26-b1-32-g5d43845318 (webtiles) character file.

Game seed: 4151279206948018875

603 MajorAdolf the Skirmisher (level 7, -5/66 HPs)
             Began as a Naga Wanderer on Jan 9, 2021.
             Slain by an orc warrior
             ... wielding a +0 battleaxe
              (15 damage)
             ... on level 6 of the Dungeon.
             The game lasted 00:18:41 (6699 turns).

MajorAdolf the Skirmisher (Naga Wanderer)           Turns: 6699, Time: 00:18:42

Health: -5/66      AC: 10    Str: 19    XL:     7   Next: 42%
Magic:  11/11      EV:  7    Int: 10    God:
Gold:   267        SH:  0    Dex: 10    Spells: 12/12 levels left

rFire    . . .     SeeInvis +   m - +0 hand axe
rCold    . . .     Faith    .   (no shield)
rNeg     . . .     Spirit   .   j - +0 ring mail
rPois    +         Reflect  .   (no helmet)
rElec    .         Harm     .   (no cloak)
rCorr    .         Rampage  .   (no gloves)
Will     .....                  x - +0 barding
Stlth    +.........             (no amulet)
HPRegen  0.21/turn              (no ring)
MPRegen  0.12/turn              (no ring)

@: short of breath, very slow
A: large, see invisible, deformed body, poison resistance, slowness 2, spit
poison 1, AC +2
a: Spit Poison


You were on level 6 of the Dungeon.
You visited 1 branch of the dungeon, and saw 6 of its levels.

You collected 267 gold pieces.

Inventory:

Hand Weapons
 a - a +3 hand crossbow
 m - a +0 hand axe (weapon)
Missiles
 b - 5 bolts
 v - 2 curare-tipped darts
Armour
 j - a +0 ring mail (worn)
 x - a +0 barding (worn)
Jewellery
 h - an uncursed amulet of reflection {unknown}
 l - an uncursed ring of magical power {unknown}
 r - a +6 ring of dexterity {unknown}
Scrolls
 g - a scroll of enchant weapon
 i - a scroll of amnesia
 k - a scroll of fog
 o - a scroll of magic mapping
 q - 2 scrolls of remove curse
 u - a scroll of identify {unknown}
 w - a scroll of teleportation
Potions
 c - 2 potions of curing
 d - 2 potions of lignification
 e - a potion of degeneration {unknown}
 f - a potion of berserk rage {unknown}
 n - a potion of heal wounds {unknown}
 p - a potion of haste {unknown}
 s - 3 potions of flight {unknown}
 t - a potion of magic {unknown}


   Skills:
 + Level 4.8 Fighting
 + Level 1.0 Axes
 - Level 1.0 Crossbows
 + Level 3.9 Armour
 + Level 3.4 Dodging
 - Level 1.5 Stealth
 - Level 3.0 Spellcasting
 - Level 1.0 Evocations


You had 12 spell levels left.
You didn't know any spells.
Your spell library contained the following spells:

 Spells                   Type           Power        Failure   Level
 Confusing Touch          Hex            1%           80%         3
 Gell's Gravitas          Tloc           0%           80%         3
 Petrify                  Tmut/Erth      1%           99%         4
 Metabolic Englaciation   Hex/Ice        0%           100%        5
 Yara's Violent Unravell  Hex/Tmut       0%           100%        5


Dungeon Overview and Level Annotations

Branches:
Dungeon (6/15)
 Temple: D:4-7

Altars:
Ashenzari
Elyvilon
Kikubaaqudgha
Okawaru
Vehumet
Wu Jian

Shops:
D:5 :


Innate Abilities, Weirdness & Mutations

You cannot wear boots.
Your serpentine skin is tough. (AC +2)
You have supernaturally acute eyesight. (SInv)
Armour fits poorly on your strangely shaped body.
Your system is resistant to poisons. (rPois)
You cover ground very slowly.
You can spit poison.


Message History

The orc warrior hits you but does no damage.
You closely miss the orc warrior.
The orc warrior is almost dead.
You have got your breath back.
The orc warrior hits you but does no damage.
Press: ? - help, Shift-Dir - straight line, f/p - orc warrior
Aim: an orc warrior, wielding a +0 battleaxe and wearing a +0 plate armour (almost dead)
The splash of poison misses the orc warrior.
The orc warrior hits you but does no damage.
Unknown command.
You hit the orc warrior.
The orc warrior is almost dead.
The orc warrior hits you but does no damage.
You hit the orc warrior but do no damage.
The orc warrior is almost dead.
You feel less wooden.
Your +0 barding unmelds from your body.
Your +0 ring mail unmelds from your body.
The orc warrior hits you with a +0 battleaxe!
You die...

#.........#
#.........#
#.........#
#......<..#
#.)....(..#
#....>....#
###รท#######
#...######
###.@o)..#
######.#


You could see an orc warrior.

Vanquished Creatures
  An ice beast (D:5)
  An ogre (D:5)
  A bullfrog zombie (D:5)
  A hound (D:4)
  An orc priest (D:5)
  An orc wizard (D:6)
  Jessica (D:3)
  2 worker ants
  4 gnolls
  A howler monkey skeleton (D:4)
  5 adders
  A shadow imp (D:4)
  A white imp (D:5)
  An ufetubus (D:6)
  2 oozes (D:3)
  An adder skeleton (D:5)
  2 worms (D:3)
  4 leopard geckos
  10 orcs
  2 ball pythons (D:5)
  4 giant cockroaches
  5 goblins
  6 hobgoblins
  17 jackals
  2 quokkas (D:2)
  7 bats
  9 frilled lizards
  4 kobolds
  A quokka skeleton (D:5)
  7 rats
105 creatures vanquished.

Vanquished Creatures (others)
  A quokka (D:5)
1 creature vanquished.

Grand Total: 106 creatures vanquished

Notes
Turn   | Place    | Note
-------+----------+-------------------------------------------
     0 | D:1      | MajorAdolf the Naga Wanderer began the quest for the Orb.
     0 | D:1      | MajorAdolf set off with the following items: a +2 hand
                  | crossbow, 25 bolts, a potion of curing, a potion of
                  | lignification, a +0 robe
     0 | D:1      | Reached XP level 1. HP: 19/19 MP: 4/4
   221 | D:1      | Reached XP level 2. HP: 24/26 MP: 6/6
   762 | D:1      | Reached skill level 1 in Dodging
   934 | D:2      | Reached XP level 3. HP: 24/33 MP: 7/7
  1868 | D:2      | Found a radiant altar of Vehumet.
  2080 | D:3      | Reached XP level 4. HP: 23/40 MP: 8/8
  2392 | D:2      | Reached skill level 3 in Fighting
  2914 | D:3      | Reached XP level 5. HP: 49/49 MP: 9/9
  2918 | D:3      | Noticed Jessica
  2919 | D:3      | Killed Jessica
  3684 | D:3      | Found an ancient bone altar of Kikubaaqudgha.
  3814 | D:3      | Found an iron altar of Okawaru.
  3855 | D:3      | Found an ornate altar of the Wu Jian Council.
  4278 | D:4      | Found a broken altar of Ashenzari.
  4300 | D:4      | Reached XP level 6. HP: 57/57 MP: 10/10
  4781 | D:4      | Reached skill level 4 in Fighting
  5075 | D:5      | Entered Level 5 of the Dungeon
  5120 | D:5      | Noticed an ice beast
  5128 | D:5      | Killed an ice beast
  5129 | D:5      | Reached XP level 7. HP: 63/66 MP: 11/11
  5279 | D:5      | Found Dehinif's Book Shop.
  5399 | D:5      | Found a white marble altar of Elyvilon.
  6421 | D:6      | Reached skill level 1 in Axes
  6699 | D:6      | Slain by an orc warrior

Illustrated notes

Levels and vault maps discovered:
D:1:      evilmike_arrival_plus, layout_loops_ring
D:2:      layout_basic, general_overflow_altar, hex_tiny, chequers_avenue
D:3:      layout_basic, okawaru_gym_becter, lemuel_coloured_pillars_altar,
          old_standard_altar, minmay_pentomino_pile, uniq_jessica
D:4:      layout_rooms, nicolae_ashenzari_panopticon
D:5:      layout_cave_pools, elyvilon_altar_4, serial_shops,
          kennysheep_mini_moat
D:6:      layout_rooms, nicolae_tso_carved_into_rock, kennysheep_generic_room_6,
          uniq_edmund

Skill      XL: |  1  2  3  4  5  6  7 |
---------------+----------------------+-----
Armour         | 2 3 |  3.9
Dodging        | 1 2 3 |  3.4
Fighting       | 3 4 |  4.8
Axes           | 1 |  1.0
Crossbows      | |  1.0
Stealth        | |  1.5
Spellcasting   | |  3.0
Evocations     | |  1.0

Action                   |  1- 3 |  4- 6 |  7- 9 || total
-------------------------+-------+-------+-------++-------
Melee: Hand axe          |       |       |   103 ||   103
 Fire: Hand crossbow     |   110 |    88 |     6 ||   204
 Abil: Spit Poison       |     3 |    25 |    18 ||    46
  Use: Scroll            |       |    12 |       ||    12
       Potion            |       |     1 |     1 ||     2
Armor: Robe              |     5 |       |       ||     5
       Ring mail         |    24 |    65 |    63 ||   152
       Skin              |       |       |    15 ||    15
Dodge: Dodged            |    48 |    81 |    42 ||   171
